 Dungeon Crawl Stone Soup version 0.31-a0-1068-g5939ac1fb6 (webtiles) character file.

Game seed: 14323928017041999626

82 HornetDC the Trooper (level 4, 0/41 HPs)
             Began as a Minotaur Berserker on Nov 24, 2023.
             Was a Believer of Trog.
             Slain by an ogre
             ... wielding a +0 giant spiked club
              (16 damage)
             ... on level 3 of the Dungeon.
             The game lasted 00:27:00 (2092 turns).

HornetDC the Trooper (Minotaur Berserker)           Turns: 2092, Time: 00:27:01

Health: 0/41       AC: 10    Str: 23    XL:     4   Next: 21%
Magic:  3/3        EV:  9    Int:  4    God:    Trog [**....]
Gold:   98         SH:  0    Dex: 16    Spells: 3/3 levels left

rFire   . . .        l - +1 trident (freeze)
rCold   . . .        (no shield)
rNeg    . . .        v - +0 chain mail
rPois   .            (helmet restricted)
rElec   .            (no cloak)
rCorr   .            o - +0 pair of gloves
SInv    .            (no boots)
Will    ++...        (no amulet) Stlth
                     p - +6 ring of dexterity
HPRegen 1.26/turn    (no ring)
MPRegen 0.08/turn

%: no passive effects
@: strong-willed (expiring), on berserk cooldown, regenerating (expiring),
slowed, very slow
A: horns 2, retaliatory headbutt
a: Renounce Religion, Berserk, Trog's Hand


You were on level 3 of the Dungeon.
You worshipped Trog.
Trog was pleased with you.
You visited 1 branch of the dungeon, and saw 3 of its levels.

You collected 98 gold pieces.

Inventory:

Hand Weapons
 a - a +0 hand axe
 e - a +0 dagger of flaming
 l - a +1 trident of freezing (weapon)
 m - a +0 dagger
 r - a +0 mace
 y - a +0 dagger
 z - a +0 dagger
 C - a +0 club
 D - a +0 dagger
 E - a +0 dagger
 H - a +0 dagger of venom
Missiles
 t - 4 stones (quivered)
Armour
 b - a +0 animal skin
 c - a +0 barding
 f - a +0 ring mail
 g - a +0 ring mail
 o - a +0 pair of gloves (worn)
 s - a +0 leather armour
 v - a +0 chain mail (worn)
 B - a +0 pair of gloves
 G - a scarf of invisibility
Jewellery
 p - a +6 ring of dexterity (left hand)
Scrolls
 d - a scroll of vulnerability {unknown}
 h - 3 scrolls of teleportation {unknown}
 j - a scroll of torment {unknown}
 q - a scroll of enchant armour {unknown}
 u - a scroll of acquirement {unknown}
 w - a scroll of blinking {unknown}
 A - a scroll of poison {unknown}
 F - a scroll of identify {unknown}
Potions
 i - 5 potions of curing {unknown}
 k - 3 potions of mutation {unknown}
 n - a potion of brilliance {unknown}
 x - a potion of lignification {unknown}
 I - a potion of might {unknown}


   Skills:
 - Level 4.4 Fighting
 + Level 4.3(4.4) Axes
 - Level 1.0(2.8) Polearms
 - Level 3.4 Armour
 - Level 2.5 Dodging
 - Level 0.7 Stealth


You had 3 spell levels left.
You didn't know any spells.
Your spell library was empty.

Dungeon Overview and Level Annotations

Branches:
Dungeon (3/15)

Altars:

Annotations:
D:3 1 transporter, kskgo's ghost, weakling DjFE


Innate Abilities, Weirdness & Mutations

You have a pair of horns on your head.
You reflexively headbutt those who attack you in melee.


Message History

Kskgo's ghost says, "I am proof that knowledge is power."
Press: ? - help, v - describe, . - travel A transporter landing site.
There is a transporter landing site here.
You can't go down here!
You can't go up here!
Found a transporter.
There is a transporter here.
You enter the transporter and appear at another place.
Unknown command.
Unknown command.
Level annotation: 1 transporter, kskgo's ghost, weakling DjFE Welcome back, HornetDC the Minotaur Berserker.
Trog says: Kill them all!
Press ? for a list of commands and other information.
Your skin crawls.
You feel strong-willed.
Okay, then.
A red film seems to cover your vision as you go berserk!
You feel yourself moving faster!
You feel mighty!
You closely miss kskgo's ghost.
Kskgo's ghost hits you but does no damage.
You feel a strong urge to attack something.
Kskgo's ghost attacks as it pursues you!
Kskgo's ghost hits you but does no damage.
Press: ? - help, v - describe, . - travel The floor.
You feel your anger nearly subside.
You are no longer berserk.
You are exhausted.
You feel yourself slow down.
You hit the ogre. You freeze the ogre.
The ogre is lightly wounded.
You feel the effects of Trog's Hand fading.
The ogre hits you with a +0 giant spiked club!!
Ouch! That really hurt!
You hit the ogre. You freeze the ogre. Your punch misses the ogre.
The ogre is moderately wounded.
The ogre barely misses you. You furiously retaliate!
You headbutt the ogre!
The ogre hits you with a +0 giant spiked club!
You die...

...#.#...#####........##...## #.
........>...##.##.....####..## #.
#..#...............#...# ##..# #.
##.#####...#.#.......<.#####.# ##
#.## ##..#...#.###.#....##.## #
#..# #........# #.#....##..###
##.# #.#....### #.##....##....
#.#####...##############<......
###.....##..##..@OW©....©#####...
.##..##.#..###.O##O..##..# #....
......#....###.#..#.#..#.####.##.
.......#.....#.#..#.#..#.#....##.
.........##..#..##...##..#.......
......###....#....([.....###.....
......##..##.###############.###.
...>.....###......©.©.....#......
..........##.....................


You could see 3 ogres and kskgo's ghost.

Vanquished Creatures
  4 adders
  3 dart slugs
  A ball python (D:3)
  2 bats
  5 endoplasms
  2 giant cockroaches (D:3)
  6 hobgoblins
  4 jackals (D:3)
  2 quokkas (D:2)
  2 frilled lizards
  2 goblins
  A kobold (D:3)
  3 rats
37 creatures vanquished.

Notes
Turn   | Place    | Note
-------+----------+-------------------------------------------
     0 | D:1      | HornetDC the Minotaur Berserker began the quest for the
                  | Orb.
     0 | D:1      | Reached XP level 1. HP: 19/19 MP: 0/0
   366 | D:1      | Reached XP level 2. HP: 27/27 MP: 1/1
   403 | D:1      | You fall into a shaft and drop 1 floor!
   821 | D:2      | Reached XP level 3. HP: 33/33 MP: 2/2
  1572 | D:3      | Found a faded altar of an unknown god.
  1600 | D:3      | Found a transporter.
  1604 | D:3      | Noticed kskgo's ghost (weakling DjFE)
  1604 | D:3      | Noticed an ogre
  1605 | D:3      | Noticed an ogre
  1606 | D:3      | Noticed an ogre
  1842 | D:3      | Reached ** piety under Trog
  1860 | D:3      | Reached XP level 4. HP: 41/41 MP: 3/3
  2000 | D:3      | Reached skill level 1 in Polearms
  2082 | D:3      | Found a transporter.
  2092 | D:3      | Slain by an ogre

Illustrated notes

Levels and vault maps discovered:
D:1:      dpeg_arrival_boxorama, layout_rooms, hangedman_decor_points,
          serial_park_tiny_pond
D:2:      layout_basic
D:3:      layout_rooms, gammafunk_ghost_smash, ebering_ecumenical_altar_webs,
          st_stairs_5, kennysheep_small_spiral

Skill      XL: |  1  2  3  4 |
---------------+-------------+-----
Fighting       | 4 |  4.4
Axes           | 4 |  4.3
Armour         | 3 |  3.4
Polearms       | 1 |  1.0
Dodging        | |  2.5
Stealth        | |  0.7

Action                     |  1- 3 |  4- 6 || total
---------------------------+-------+-------++-------
  Melee: Hand axe          |    12 |       ||    12
         Headbutt          |     7 |     1 ||     8
         Trident           |    54 |    12 ||    66
         Punch             |     1 |       ||     1
  Throw: Stone             |     4 |     3 ||     7
 Invoke: Berserk           |       |     1 ||     1
         Trog's Hand       |       |     1 ||     1
 Armour: Ring mail         |    20 |       ||    20
         Chain mail        |    21 |     7 ||    28
  Dodge: Dodged            |    30 |     2 ||    32

Table legend: (Time is in decaauts)
 A = Elapsed time spent in this place.
 B = Non-inter-level travel time spent in this place.
 C = Inter-level travel time spent in this place.
 D = Time resting spent in this place.
 E = Time spent auto-exploring this place.
 F = Levels seen in this place.
 G = Mean time per level.
                   A        B        C        D        E       F      G
               +--------+--------+--------+--------+--------+-----+--------+
         Total |   2102 |   1915 |    187 |      0 |   1466 |   3 |  700.7 |
       Dungeon |   2102 |   1915 |    187 |      0 |   1466 |   3 |  700.7 |
               +--------+--------+--------+--------+--------+-----+--------+

Top non-repeatable levels by time:
     D:2: 933 daAuts
     D:3: 634 daAuts
     D:1: 534 daAuts
